| TOP OF THE 1ST |
|
Durham Bulls batting - Pitching for Nashville Sounds : RHP A.J. Marston
|
|
Pitching: RHP A.J. Marston
|
|
|
Batting: RHB Sesto Carpini
|
0-0: Ball 1-0: Ball 2-0: Foul Ball, location: 2F 2-1: Foul Ball, location: 2F 2-2: Ball 3-2: Base on Balls
|
|
Batting: RHB Alex Diaz
|
0-0: Called Strike 0-1: Foul Ball, location: 2F 0-2: Ball 1-2: Fly out, F9 (Flyball, 89M, EV 88.8 MPH)
|
|
Batting: RHB David Ward
|
0-0: Called Strike 0-1: Ball 1-1: Ball 2-1: SINGLE (Line Drive, 4D, EV 98.8 MPH) Sesto Carpini to second
|
|
Batting: RHB James Huddleston
|
0-0: Ball 1-0: SINGLE (Groundball, 56S, EV 61.2 MPH) (infield hit) Sesto Carpini to third David Ward to second
|
|
Batting: RHB Jose Arriola
|
0-0: Fly out, F7 (Flyball, 7LSF, EV 87.5 MPH)
|
|
Batting: RHB Kevin Benfield
|
0-0: Foul Ball, location: 2F 0-1: Called Strike 0-2: Ball 1-2: Ground out 4-3 (Groundball, 34, EV 97.5 MPH)
|
| Top of the 1st over - 0 runs, 2 hits, 0 errors, 3 left on base; Durham 0 - Nashville 0 |
| BOTTOM OF THE 1ST |
|
Nashville Sounds batting - Pitching for Durham Bulls : RHP Ken Vandercook
|
|
Pitching: RHP Ken Vandercook
|
|
|
Batting: SHB Robert Santiago
|
0-0: Swinging Strike 0-1: Swinging Strike 0-2: Strikes out swinging
|
|
Batting: LHB Tomas Segarra
|
0-0: Called Strike 0-1: Ball 1-1: Ball 2-1: SINGLE (Groundball, 6MS, EV 75.0 MPH) (infield hit)
|
|
Batting: RHB Tim Cordle
|
0-0: Ball 1-0: Ball 2-0: Ball 3-0: Swinging Strike 3-1: Foul Ball, location: 2F 3-2: Fly out, F8 (Flyball, 8LM, EV 84.4 MPH)
|
|
Batting: RHB David Herrera
|
0-0: Foul Ball, location: 2F 0-1: Ball 1-1: Ball 2-1: Called Strike Tomas Segarra steals 2nd base (no throw) 2-2: Foul Ball, location: 2F 2-2: SINGLE (Groundball, 6MD, EV 93.8 MPH) Tomas Segarra to third Runner from 3rd tries for Home, throw by CF and OUT! 8-2
|
| Bottom of the 1st over - 0 runs, 2 hits, 0 errors, 1 left on base; Durham 0 - Nashville 0 |
| TOP OF THE 2ND |
|
Durham Bulls batting - Pitching for Nashville Sounds : RHP A.J. Marston
|
|
Batting: RHB Antonio Pacheco
|
0-0: Ball 1-0: DOUBLE (Line Drive, 89M, EV 88.1 MPH)
|
|
Batting: SHB Julio Hernandez
|
0-0: Called Strike Antonio Pacheco steals 3rd base 0-1: Ball 1-1: Ball 2-1: Foul Ball, location: 2F 2-2: Foul Ball, location: 2F 2-2: Ball 3-2: Strikes out swinging
|
|
Batting: RHB Roberto Aispuro
|
0-0: Called Strike 0-1: Ball 1-1: Ball 2-1: Foul Ball, location: 2F 2-2: Fly out, F9 (Line Drive, 89S, EV 105.0 MPH)
|
|
Batting: RHB Sesto Carpini
|
0-0: Ball 1-0: Ball 2-0: Called Strike 2-1: Swinging Strike 2-2: Foul Ball, location: 2F 2-2: SINGLE (Groundball, P, EV 88.1 MPH) (infield hit) Antonio Pacheco scores
|
|
Batting: RHB Alex Diaz
|
0-0: Called Strike 0-1: Ball 1-1: Ball 2-1: Ball 3-1: Called Strike 3-2: Base on Balls Sesto Carpini to second
|
|
Batting: RHB David Ward
|
0-0: Ball 1-0: Foul Ball, location: 2F 1-1: Fielders Choice at 2nd, 6-4 (Groundball, 6, EV 86.9 MPH)
|
| Top of the 2nd over - 1 run, 2 hits, 0 errors, 2 left on base; Durham 1 - Nashville 0 |
| BOTTOM OF THE 2ND |
|
Nashville Sounds batting - Pitching for Durham Bulls : RHP Ken Vandercook
|
|
Batting: LHB Gregg Power
|
0-0: Ball 1-0: Foul Ball, location: 2F 1-1: SINGLE (Line Drive, 8RS, EV 105.0 MPH)
|
|
Batting: LHB Al Hernandez
|
0-0: Ball 1-0: Ball 2-0: Called Strike 2-1: Ball 3-1: Base on Balls Gregg Power to second
|
|
Batting: RHB Wade Diamond
|
0-0: Ball 1-0: Ball 2-0: Foul Ball, location: 2F 2-1: Fly out, F6 (Flyball, 56D, EV 83.8 MPH)
|
|
Batting: RHB Yonetoshi Muranaka
|
0-0: Grounds into double play, 5-4-3 (Groundball, 56, EV 86.2 MPH)
|
| Bottom of the 2nd over - 0 runs, 1 hit, 0 errors, 1 left on base; Durham 1 - Nashville 0 |
| TOP OF THE 3RD |
|
Durham Bulls batting - Pitching for Nashville Sounds : RHP A.J. Marston
|
|
Batting: RHB James Huddleston
|
0-0: Ball 1-0: Ball 2-0: Called Strike 2-1: Fly out, F8 (Line Drive, 8RD, EV 84.4 MPH)
|
|
Batting: RHB Jose Arriola
|
0-0: Ball 1-0: Ball 2-0: Ball 3-0: Called Strike 3-1: Foul Ball, location: 2F 3-2: Fly out, F9 (Flyball, 9, EV 91.2 MPH)
|
|
Batting: RHB Kevin Benfield
|
0-0: Swinging Strike 0-1: Foul Ball, location: 2F 0-2: Strikes out looking
|
| Top of the 3rd over - 0 runs, 0 hits, 0 errors, 0 left on base; Durham 1 - Nashville 0 |
| BOTTOM OF THE 3RD |
|
Nashville Sounds batting - Pitching for Durham Bulls : RHP Ken Vandercook
|
|
Batting: RHB Tony Crespo
|
0-0: Foul Ball, location: 2F 0-1: Ground out 6-3 (Groundball, 6, EV 84.4 MPH)
|
|
Batting: SHB Robert Santiago
|
0-0: Ball 1-0: Foul Ball, location: 2F 1-1: Foul Ball, location: 2F 1-2: Foul Ball, location: 2F 1-2: Ball 2-2: Foul Ball, location: 2F 2-2: SINGLE (Flyball, 7LS, EV 93.1 MPH)
|
|
Batting: LHB Tomas Segarra
|
0-0: Swinging Strike 0-1: Called Strike 0-2: Foul Ball, location: 2F 0-2: Ball 1-2: Fly out, F7 (Line Drive, 7D, EV 91.2 MPH)
|
|
Batting: RHB Tim Cordle
|
0-0: Ball 1-0: Called Strike 1-1: Ball 2-1: Foul Ball, location: 2F 2-2: Ball 3-2: Strikes out looking
|
| Bottom of the 3rd over - 0 runs, 1 hit, 0 errors, 1 left on base; Durham 1 - Nashville 0 |
| TOP OF THE 4TH |
|
Durham Bulls batting - Pitching for Nashville Sounds : RHP A.J. Marston
|
|
Batting: RHB Antonio Pacheco
|
0-0: Called Strike 0-1: Ball 1-1: Ball 2-1: Ball 3-1: Fly out, F7 (Flyball, 78M, EV 94.4 MPH)
|
|
Batting: SHB Julio Hernandez
|
0-0: SINGLE (Line Drive, 8LS, EV 97.5 MPH)
|
|
Batting: RHB Roberto Aispuro
|
0-0: Ball 1-0: Foul Ball, location: 2F 1-1: Called Strike 1-2: Ball 2-2: Foul Ball, location: 2F 2-2: Ball 3-2: Ground out 4-3 (Groundball, 13, EV 85.0 MPH) Julio Hernandez to second
|
|
Batting: RHB Sesto Carpini
|
0-0: Ball 1-0: SINGLE (Groundball, 6MD, EV 107.5 MPH) Julio Hernandez to third Throwing error, E8 Julio Hernandez scores Sesto Carpini to second
|
|
Batting: RHB Alex Diaz
|
0-0: Ball 1-0: Ball 2-0: Ball 3-0: Base on Balls
|
|
Batting: RHB David Ward
|
0-0: Ball 1-0: Foul Ball, location: 2F 1-1: Fly out, F7 (Line Drive, 7D, EV 100.0 MPH)
|
| Top of the 4th over - 1 run, 2 hits, 1 error, 2 left on base; Durham 2 - Nashville 0 |
| BOTTOM OF THE 4TH |
|
Nashville Sounds batting - Pitching for Durham Bulls : RHP Ken Vandercook
|
|
Batting: RHB David Herrera
|
0-0: Called Strike 0-1: Swinging Strike 0-2: Ball 1-2: Strikes out swinging
|
|
Batting: LHB Gregg Power
|
0-0: Foul Ball, location: 2F 0-1: Ball 1-1: Foul Ball, location: 2F 1-2: Ball 2-2: Ball 3-2: Foul Ball, location: 2F 3-2: Strikes out looking
|
|
Batting: LHB Al Hernandez
|
0-0: Called Strike 0-1: Ball 1-1: Ball 2-1: Swinging Strike 2-2: Foul Ball, location: 2F 2-2: Foul Ball, location: 2F 2-2: Foul Ball, location: 2F 2-2: Ball 3-2: Foul Ball, location: 2F 3-2: Ground out 3-1 (Groundball, 34S, EV 79.4 MPH)
|
| Bottom of the 4th over - 0 runs, 0 hits, 0 errors, 0 left on base; Durham 2 - Nashville 0 |
| TOP OF THE 5TH |
|
Durham Bulls batting - Pitching for Nashville Sounds : RHP A.J. Marston
|
|
Batting: RHB James Huddleston
|
0-0: Ball 1-0: Fly out, F9 (Flyball, 9, EV 86.9 MPH)
|
|
Batting: RHB Jose Arriola
|
0-0: Called Strike 0-1: SINGLE (Groundball, 56D, EV 104.4 MPH)
|
|
Batting: RHB Kevin Benfield
|
0-0: Foul Ball, location: 2F 0-1: Ball 1-1: Swinging Strike 1-2: Strikes out swinging
|
|
Batting: RHB Antonio Pacheco
|
0-0: Ball 1-0: Ball 2-0: Ball 3-0: Called Strike 3-1: Foul Ball, location: 2F 3-2: Strikes out swinging
|
| Top of the 5th over - 0 runs, 1 hit, 0 errors, 1 left on base; Durham 2 - Nashville 0 |
| BOTTOM OF THE 5TH |
|
Nashville Sounds batting - Pitching for Durham Bulls : RHP Ken Vandercook
|
|
Batting: RHB Wade Diamond
|
0-0: Fly out, F7 (Flyball, 78M, EV 80.6 MPH)
|
|
Batting: RHB Yonetoshi Muranaka
|
0-0: Ball 1-0: Foul Ball, location: 2F 1-1: Called Strike 1-2: Strikes out swinging
|
|
Batting: RHB Tony Crespo
|
0-0: Ball 1-0: Ball 2-0: Ground out 5-3 (Groundball, 56S, EV 83.1 MPH)
|
| Bottom of the 5th over - 0 runs, 0 hits, 0 errors, 0 left on base; Durham 2 - Nashville 0 |
| TOP OF THE 6TH |
|
Durham Bulls batting - Pitching for Nashville Sounds : RHP A.J. Marston
|
|
Batting: SHB Julio Hernandez
|
0-0: Ball 1-0: Fly out, F8 (Flyball, 8LD, EV 86.2 MPH)
|
|
Pitching: RHP Ben Voorhees
|
|
|
Batting: RHB Roberto Aispuro
|
0-0: Ball 1-0: Called Strike 1-1: Swinging Strike 1-2: Foul Ball, location: 2F 1-2: Ground out 6-3 (Groundball, 6, EV 93.8 MPH)
|
|
Batting: RHB Sesto Carpini
|
0-0: Called Strike 0-1: Ball 1-1: SINGLE (Groundball, 6MD, EV 98.8 MPH)
|
|
Batting: RHB Alex Diaz
|
0-0: Ball 1-0: Foul Ball, location: 2F 1-1: Ball 2-1: Ground out 1-3 (Groundball, 15S, EV 72.5 MPH)
|
| Top of the 6th over - 0 runs, 1 hit, 0 errors, 1 left on base; Durham 2 - Nashville 0 |
| BOTTOM OF THE 6TH |
|
Nashville Sounds batting - Pitching for Durham Bulls : RHP Ken Vandercook
|
|
Batting: SHB Robert Santiago
|
0-0: Ball 1-0: Ball 2-0: Called Strike 2-1: Foul Ball, location: 2F 2-2: Ball 3-2: Foul Ball, location: 2F 3-2: Fly out, F7 (Flyball, 7S, EV 82.5 MPH)
|
|
Batting: LHB Tomas Segarra
|
0-0: Swinging Strike 0-1: Ball 1-1: Foul Ball, location: 2F 1-2: Ball 2-2: Ball 3-2: SOLO HOME RUN (Flyball, 89XD, EV 115.6 MPH), Distance : 421 ft
|
|
Batting: RHB Tim Cordle
|
0-0: Called Strike 0-1: Ground out 6-3 (Groundball, 56, EV 82.5 MPH)
|
|
Batting: RHB David Herrera
|
0-0: Called Strike 0-1: Ball 1-1: Called Strike 1-2: Ball 2-2: Fly out, F8 (Flyball, 8LS, EV 77.5 MPH)
|
| Bottom of the 6th over - 1 run, 1 hit, 0 errors, 0 left on base; Durham 2 - Nashville 1 |
| TOP OF THE 7TH |
|
Durham Bulls batting - Pitching for Nashville Sounds : RHP Ben Voorhees
|
|
Batting: RHB David Ward
|
0-0: Called Strike 0-1: Ground out 6-3 (Groundball, 6, EV 90.6 MPH)
|
|
Batting: RHB James Huddleston
|
0-0: Called Strike 0-1: Foul Ball, location: 2F 0-2: Ball 1-2: Ball 2-2: Strikes out swinging
|
|
Batting: RHB Jose Arriola
|
0-0: Ball 1-0: Called Strike 1-1: Swinging Strike 1-2: Foul Ball, location: 2F 1-2: Fly out, F8 (Flyball, 8LXD, EV 91.2 MPH)
|
| Top of the 7th over - 0 runs, 0 hits, 0 errors, 0 left on base; Durham 2 - Nashville 1 |
| BOTTOM OF THE 7TH |
|
Nashville Sounds batting - Pitching for Durham Bulls : RHP Ken Vandercook
|
|
Pitching: LHP Melvin Millan
|
|
|
Batting: LHB Gregg Power
|
0-0: Ball 1-0: Called Strike 1-1: Ball 2-1: Foul Ball, location: 2F 2-2: Strikes out swinging
|
|
Batting: LHB Al Hernandez
|
0-0: SINGLE (Groundball, 4D, EV 108.8 MPH)
|
|
Batting: RHB Wade Diamond
|
0-0: Called Strike 0-1: TRIPLE (Flyball, 89XD, EV 108.1 MPH) Al Hernandez scores
|
|
Batting: RHB Yonetoshi Muranaka
|
0-0: Ball 1-0: Ball 2-0: SINGLE (Groundball, 6MD, EV 96.2 MPH) Wade Diamond scores
|
|
Batting: RHB Tony Crespo
|
0-0: Foul Ball, location: 2F 0-1: Fielders Choice at 2nd, 4-6 (Groundball, 4, EV 91.2 MPH)
|
|
Batting: SHB Robert Santiago
|
0-0: Ball Tony Crespo is caught stealing 2nd base 2-4
|
| Bottom of the 7th over - 2 runs, 3 hits, 0 errors, 0 left on base; Durham 2 - Nashville 3 |
| TOP OF THE 8TH |
|
Durham Bulls batting - Pitching for Nashville Sounds : RHP Ben Voorhees
|
|
Pitching: LHP Katsumi Takaki
|
|
|
Batting: RHB Kevin Benfield
|
0-0: Ball 1-0: Foul Ball, location: 2F 1-1: Ball 2-1: Ball 3-1: Base on Balls
|
|
Batting: RHB Antonio Pacheco
|
0-0: Bunt missed! 0-1: Bunt missed! 0-2: Strikes out swinging
|
|
Batting: SHB Julio Hernandez
|
0-0: Ball 1-0: Swinging Strike 1-1: Reached on error, E2 (Groundball, 2R, EV 63.8 MPH) Kevin Benfield to third
|
|
Batting: RHB Roberto Aispuro
|
0-0: Called Strike 0-1: Foul Ball, location: 2F 0-2: Strikes out swinging
|
|
Batting: RHB Sesto Carpini
|
0-0: SINGLE (Groundball, 4MD, EV 105.0 MPH) Kevin Benfield scores Julio Hernandez to third Runner from 3rd tries for Home, throw by CF and OUT! 8-2
|
| Top of the 8th over - 1 run, 1 hit, 1 error, 1 left on base; Durham 3 - Nashville 3 |
| BOTTOM OF THE 8TH |
|
Nashville Sounds batting - Pitching for Durham Bulls : LHP Melvin Millan
|
|
Pitching: LHP Frank Rodriguez
|
|
|
Batting: SHB Robert Santiago
|
0-0: Ball 1-0: Ball 2-0: Foul Ball, location: 2F 2-1: Ground out 6-3 (Groundball, 56, EV 89.4 MPH)
|
|
Batting: LHB Tomas Segarra
|
0-0: Called Strike 0-1: Ball 1-1: Ball 2-1: Swinging Strike 2-2: Ball 3-2: Foul Ball, location: 2F 3-2: Fly out, F9 (Flyball, 9S, EV 96.2 MPH)
|
|
Batting: RHB Tim Cordle
|
0-0: Ball 1-0: Called Strike 1-1: Swinging Strike 1-2: Strikes out swinging
|
| Bottom of the 8th over - 0 runs, 0 hits, 0 errors, 0 left on base; Durham 3 - Nashville 3 |
| TOP OF THE 9TH |
|
Durham Bulls batting - Pitching for Nashville Sounds : LHP Katsumi Takaki
|
|
Batting: RHB Alex Diaz
|
0-0: Called Strike 0-1: Fly out, F8 (Flyball, 78M, EV 90.0 MPH)
|
|
Batting: RHB David Ward
|
0-0: Ball 1-0: Called Strike 1-1: Ball 2-1: SINGLE (Line Drive, 5D, EV 109.4 MPH)
|
|
Batting: RHB James Huddleston
|
0-0: Called Strike 0-1: Ball 1-1: Foul Ball, location: 2F 1-2: Strikes out looking
|
|
Batting: RHB Jose Arriola
|
0-0: Foul Ball, location: 2F 0-1: Ball 1-1: Swinging Strike 1-2: SINGLE (Line Drive, 78S, EV 95.0 MPH) David Ward to second
|
|
Batting: RHB Kevin Benfield
|
0-0: Foul Ball, location: 2F 0-1: Foul Ball, location: 2F 0-2: Foul Ball, location: 2F 0-2: Strikes out swinging
|
| Top of the 9th over - 0 runs, 2 hits, 0 errors, 2 left on base; Durham 3 - Nashville 3 |
| BOTTOM OF THE 9TH |
|
Nashville Sounds batting - Pitching for Durham Bulls : LHP Frank Rodriguez
|
|
Pitching: LHP Sam Wesman
|
|
|
Batting: RHB David Herrera
|
0-0: Ground out 2-3 (Groundball, 15S, EV 73.1 MPH)
|
|
Batting: RHB Jonathan Ellis
|
0-0: Called Strike 0-1: Swinging Strike 0-2: Foul Ball, location: 2F 0-2: Foul Ball, location: 2F 0-2: Ball 1-2: Ball 2-2: Ball 3-2: Base on Balls
|
|
Batting: LHB Al Hernandez
|
0-0: Ball 1-0: Foul Ball, location: 2F 1-1: Swinging Strike 1-2: Strikes out swinging
|
|
Batting: RHB Wade Diamond
|
0-0: Called Strike Jonathan Ellis is caught stealing 2nd base 2-4
|
| Bottom of the 9th over - 0 runs, 0 hits, 0 errors, 0 left on base; Durham 3 - Nashville 3 |
| TOP OF THE 10TH |
|
Durham Bulls batting - Pitching for Nashville Sounds : LHP Katsumi Takaki
|
|
Pitching: RHP Andrew Douglas
|
|
|
Pinch Hitting: LHB Davion Lewis
|
0-0: Foul Ball, location: 2F 0-1: Swinging Strike 0-2: Strikes out swinging
|
|
Batting: SHB Julio Hernandez
|
0-0: Foul Ball, location: 2F 0-1: Ball 1-1: Swinging Strike 1-2: Ball 2-2: Ball 3-2: Strikes out looking
|
|
Batting: RHB Roberto Aispuro
|
0-0: Called Strike 0-1: Ball 1-1: Ground out U3 (Groundball, 3S, EV 76.9 MPH)
|
| Top of the 10th over - 0 runs, 0 hits, 0 errors, 0 left on base; Durham 3 - Nashville 3 |
| BOTTOM OF THE 10TH |
|
Nashville Sounds batting - Pitching for Durham Bulls : LHP Sam Wesman
|
|
Pitching: RHP Al Speer
|
|
|
Now in LF: Davion Lewis
|
|
|
Batting: RHB Wade Diamond
|
0-0: Called Strike 0-1: Foul Ball, location: 2F 0-2: Ball 1-2: Strikes out looking
|
|
Batting: RHB Yonetoshi Muranaka
|
0-0: Ball 1-0: Reached via error on a dropped throw from SS, E3 (Groundball, 6MS, EV 88.8 MPH)
|
|
Pinch Hitting: LHB Ben Goldstein
|
0-0: Ball 1-0: Foul Ball, location: 2F 1-1: SINGLE (Line Drive, 8LS, EV 103.1 MPH) Yonetoshi Muranaka to second
|
|
Batting: SHB Robert Santiago
|
0-0: Ball 1-0: Ball 2-0: Ball 3-0: Called Strike 3-1: Fielders Choice at 2nd, 4-6 (Groundball, 4, EV 104.4 MPH) Yonetoshi Muranaka to third
|
|
Batting: LHB Tomas Segarra
|
0-0: Ball 1-0: Called Strike 1-1: Ground out 4-3 (Groundball, 34, EV 89.4 MPH)
|
| Bottom of the 10th over - 0 runs, 1 hit, 1 error, 2 left on base; Durham 3 - Nashville 3 |
| TOP OF THE 11TH |
|
Durham Bulls batting - Pitching for Nashville Sounds : RHP Andrew Douglas
|
|
Now in LF: Wade Diamond
|
|
|
Now in RF: Ruben Garza
|
|
|
Batting: RHB Sesto Carpini
|
0-0: Ball 1-0: Ball 2-0: Ball 3-0: Called Strike 3-1: Ground out U3 (Groundball, 34S, EV 89.4 MPH)
|
|
Batting: RHB Alex Diaz
|
0-0: Ball 1-0: Ball 2-0: Fly out, F8 (Flyball, 8RD, EV 98.1 MPH)
|
|
Batting: RHB David Ward
|
0-0: Ball 1-0: Called Strike 1-1: Ball 2-1: Foul Ball, location: 2F 2-2: Ball 3-2: Foul Ball, location: 2F 3-2: Strikes out swinging
|
| Top of the 11th over - 0 runs, 0 hits, 0 errors, 0 left on base; Durham 3 - Nashville 3 |
| BOTTOM OF THE 11TH |
|
Nashville Sounds batting - Pitching for Durham Bulls : RHP Al Speer
|
|
Batting: RHB Tim Cordle
|
0-0: Called Strike 0-1: Swinging Strike 0-2: Foul Ball, location: 2F 0-2: Strikes out swinging
|
|
Batting: RHB David Herrera
|
0-0: Foul Ball, location: 2F 0-1: Called Strike 0-2: Ground out 6-3 (Groundball, 6MS, EV 80.6 MPH)
|
|
Batting: RHB Jonathan Ellis
|
0-0: Ground out 4-3 (Groundball, 34, EV 102.5 MPH)
|
| Bottom of the 11th over - 0 runs, 0 hits, 0 errors, 0 left on base; Durham 3 - Nashville 3 |
| TOP OF THE 12TH |
|
Durham Bulls batting - Pitching for Nashville Sounds : RHP Andrew Douglas
|
|
Batting: RHB James Huddleston
|
0-0: Foul Ball, location: 2F 0-1: Foul Ball, location: 2F 0-2: Ground out 3-1 (Groundball, 34, EV 83.8 MPH)
|
|
Batting: RHB Jose Arriola
|
0-0: Called Strike 0-1: Ball 1-1: Called Strike 1-2: Ball 2-2: Ground out 6-3 (Groundball, 6S, EV 90.0 MPH)
|
|
Batting: RHB Kevin Benfield
|
0-0: Foul Ball, location: 2F 0-1: Foul Ball, location: 2F 0-2: Ball 1-2: Ball 2-2: Ground out 4-3 (Groundball, 4, EV 104.4 MPH)
|
| Top of the 12th over - 0 runs, 0 hits, 0 errors, 0 left on base; Durham 3 - Nashville 3 |
| BOTTOM OF THE 12TH |
|
Nashville Sounds batting - Pitching for Durham Bulls : RHP Al Speer
|
|
Batting: LHB Al Hernandez
|
0-0: Called Strike 0-1: Ball 1-1: Foul Ball, location: 2F 1-2: Ball 2-2: Strikes out swinging
|
|
Pitching: LHP Chris Polite
|
|
|
Batting: RHB Wade Diamond
|
0-0: Foul Ball, location: 2F 0-1: Ball 1-1: Foul Ball, location: 2F 1-2: Ball 2-2: Ball 3-2: Fly out, F8 (Flyball, 8RXD, EV 93.1 MPH)
|
|
Batting: RHB Yonetoshi Muranaka
|
0-0: Ball 1-0: Ground out 5-3 (Groundball, 5, EV 88.1 MPH)
|
| Bottom of the 12th over - 0 runs, 0 hits, 0 errors, 0 left on base; Durham 3 - Nashville 3 |
| TOP OF THE 13TH |
|
Durham Bulls batting - Pitching for Nashville Sounds : RHP Andrew Douglas
|
|
Pitching: RHP Kevin Endsley
|
|
|
Batting: LHB Davion Lewis
|
0-0: DOUBLE (Line Drive, 78XD, EV 104.4 MPH)
|
|
Batting: SHB Julio Hernandez
|
0-0: Ball 1-0: Called Strike 1-1: Foul Ball, location: 2F 1-2: Strikes out swinging
|
|
DELAY
|
Rain delay of 39 minutes in the 13th inning.
|
|
Batting: RHB Roberto Aispuro
|
0-0: Ball 1-0: Ball 2-0: Ground out 1-3 (Groundball, P, EV 64.4 MPH) Davion Lewis to third
|
|
Batting: RHB Sesto Carpini
|
0-0: Ball 1-0: Called Strike 1-1: Hit by Pitch
|
|
Batting: RHB Alex Diaz
|
0-0: Ball 1-0: Called Strike 1-1: Swinging Strike 1-2: Strikes out looking
|
| Top of the 13th over - 0 runs, 1 hit, 0 errors, 2 left on base; Durham 3 - Nashville 3 |
| BOTTOM OF THE 13TH |
|
Nashville Sounds batting - Pitching for Durham Bulls : LHP Chris Polite
|
|
Pinch Hitting: RHB Scott Wiggs
|
0-0: Ball 1-0: Ball 2-0: Foul Ball, location: 2F 2-1: Foul Ball, location: 2F 2-2: Foul Ball, location: 2F 2-2: Foul Ball, location: 2F 2-2: Foul Ball, location: 2F 2-2: Foul Ball, location: 2F 2-2: Foul Ball, location: 2F 2-2: Ball 3-2: Foul Ball, location: 2F 3-2: Base on Balls
|
|
Pitching: RHP Luis Cubero
|
|
|
Batting: SHB Robert Santiago
|
0-0: Called Strike Scott Wiggs steals 2nd base 0-1: Foul Ball, location: 2F 0-2: Foul Ball, location: 2F 0-2: Ball 1-2: Ground out 4-3 (Groundball, 4, EV 105.6 MPH) Scott Wiggs to third
|
|
Batting: LHB Tomas Segarra
|
0-0: Called Strike 0-1: Swinging Strike 0-2: Ball 1-2: Strikes out swinging
|
|
Batting: RHB Tim Cordle
|
0-0: Ball 1-0: Ball 2-0: SINGLE (Line Drive, 6D, EV 96.9 MPH) Scott Wiggs scores
|
| Bottom of the 13th over - 1 run, 1 hit, 0 errors, 1 left on base; Durham 3 - Nashville 4 |
|